Unix NetHack Version 5.0.0-0 post-release - last build Jul 19 2026 19:10:59 (3aa4ab31751d3886436d94b585a96704892fd477,branch:main).

Game began 2026-07-23 00:41:37, ended 2026-07-23 00:51:01.

Jinnora, neutral female human Tourist

        |G.
        |..G
    .|  |fh.
  --.|  |@|
  |..|  |.|
  |.--  |.|
  |.|   |.|
  |)|----.|
  |.|.||.*|
  |*.<--.--
  |.....^|
  |...-.--
  |.....|
 --.....|
 |......|
 -->.|.--
  ------
Jinnora the Sightseer       St:11 Dx:10 Co:15 In:18 Wi:7 Ch:13  Neutral
Dlvl:4  $:272 HP:0(26) Pw:7(7) AC:10 Xp:3/74 T:1203 

Latest messages:
 Your kitten eats a gnome lord corpse.
 You swap places with your kitten.
 a - 2 uncursed +2 darts (at the ready) (33 in total).
 G - 5 darts (6 in total).
 The gnome wields a thonged club!
 The gnome secures the tether on the thonged club.
 You swap places with your kitten.
 The gnome throws a thonged club!
 The thonged club hits the kitten.
 The kitten bites the gnome.
 The gnome is killed!
 Your kitten grows up into a housecat.
 The housecat bites the iguana.
 The iguana misses the housecat.
 The housecat picks up a thonged club.
 The housecat misses the iguana.
 The housecat bites the iguana.
 The iguana bites the housecat.
 The housecat bites the iguana.
 Your housecat eats a gnome corpse.
 You miss the iguana.
 You kill the iguana!
 You hit the dwarf.
 The dwarf thrusts his broad short sword.
 The dwarf hits!
 In what direction? 8
 The dart hits the dwarf!
 In what direction? 8
 The dart hits the dwarf.
 The dwarf thrusts his broad short sword.
 The dwarf hits!
 In what direction? 8
 You kill the dwarf!
 There are several objects here.
 In what direction? 9
 You kill the gnome!
 The housecat misses the gnome lord.
 The dwarf picks up an uncursed +2 dart.
 In what direction? 9
 The dart hits the dwarf.
 The housecat misses the gnome lord.
 The dwarf swings her pick-axe.
 The dwarf hits!
 In what direction? 9
 The dart misses the dwarf.
 The housecat misses the dwarf.
 The dwarf swings her pick-axe.
 The dwarf hits!
 You die...
 Do you want your possessions identified? [ynq] (y) q

Inventory:
 Coins    ('$')
  $ - 272 gold pieces
 Weapons  (')')
  F - an uncursed +0 sling
  a - 27 uncursed +2 darts (at the ready)
  G - 6 uncursed +0 darts
 Armor    ('[')
  z - a cursed -1 pair of levitation boots named cursed
  l - an uncursed +0 Hawaiian shirt with a ukulele motif (being worn)
 Comestibles  ('%')
  c - an uncursed cram ration
  h - an uncursed cream pie
  b - 9 uncursed food rations
  f - an uncursed lembas wafer
  g - an uncursed pancake
  e - 4 uncursed tripe rations
  d - an uncursed egg
  s - an uncursed lichen corpse
 Scrolls  ('?')
  C - an uncursed scroll of blank paper
  A - an uncursed scroll of destroy armor
  k - a blessed scroll of magic mapping
  j - 3 uncursed scrolls of magic mapping
 Spellbooks  ('+')
  q - an uncursed spellbook of haste self
 Potions  ('!')
  o - an uncursed potion of gain ability
  v - an uncursed potion of gain energy
  r - an uncursed potion of levitation
  u - an uncursed potion of speed
 Tools    ('(')
  n - an uncursed credit card
  m - an uncursed expensive camera (0:53)
  y - a blessed figurine of an ettin mummy
  p - an uncursed leash (attached to your housecat)
  B - a blessed magic lamp (lit)
 Gems/Stones  ('*')
  t - a cursed amber stone
  w - an uncursed worthless piece of black glass
  D - an uncursed worthless piece of green glass

Jinnora the Tourist's attributes:

Background:
 You were a Sightseer, a level 3 female human Tourist.
 You were neutral, on a mission for The Lady
 who was opposed by Blind Io (lawful) and Offler (chaotic).
 You were right-handed.
 You were in the Gnomish Mines, on level 4.
 You entered the dungeon 1203 turns ago.
 It was the midnight hour.
 You had 74 experience points, 6 more were needed to attain level 4.

Basics:
 You had 0 out of 26 hit points.
 You had all 7 energy points (spell power).
 Your armor class was 10.
 Your wallet contained 272 zorkmids.
 Autopickup was off.

Final Characteristics:
 Your strength was 11 (limit:18/100).
 Your dexterity was 10 (limit:18).
 Your constitution was 15 (limit:18).
 Your intelligence was 18 (limit:18).
 Your wisdom was 7 (limit:18).
 Your charisma was 13 (limit:18).

Final Status:
 You weren't hungry.
 You were unencumbered.
 You were bare handed.
 You were unskilled in bare handed combat.

Final Attributes:
 You were devoutly aligned.
 You are dead.

Miscellaneous:
 You didn't encounter any bones levels.
 Total elapsed playing time was 9 minutes and 23 seconds.

Major events:
 Turn
    1: Jinnora the neutral female human Tourist entered the dungeon
 1066: entered the Gnomish Mines
 1179: attained the rank of Sightseer (level 3)
 1203: killed by a dwarf

Spells:
 Name                 Level Category     Fail Retention
 haste self             3   escape        92%  76%-100%

Skills:
 Fighting Skills
   bare handed combat [Unskilled]
   two weapon combat  [Unskilled]
   riding             [Unskilled]
 Weapon Skills
   dagger             [Unskilled]
   knife              [Unskilled]
   axe                [Unskilled]
   pick-axe           [Unskilled]
   short sword        [Unskilled]
   broadsword         [Unskilled]
   long sword         [Unskilled]
   two-handed sword   [Unskilled]
   saber              [Unskilled]
   mace               [Unskilled]
   morning star       [Unskilled]
   flail              [Unskilled]
   hammer             [Unskilled]
   quarterstaff       [Unskilled]
   polearms           [Unskilled]
   spear              [Unskilled]
   trident            [Unskilled]
   lance              [Unskilled]
   bow                [Unskilled]
   sling              [Unskilled]
   crossbow           [Unskilled]
   dart               [Basic]
   shuriken           [Unskilled]
   boomerang          [Unskilled]
   whip               [Unskilled]
   unicorn horn       [Unskilled]
 Spellcasting Skills
   divination spells  [Unskilled]
   enchantment spells [Unskilled]
   escape spells      [Unskilled]

Voluntary challenges:
 Character rerolling was not enabled.
 You went without food.
 You never hit with a wielded weapon.
 You never genocided any monsters.
 You never polymorphed an object.
 You never changed form.
 You used no wishes.
Achievements:
 You entered a shop.
 You entered the Gnomish Mines.
 You attained the rank of Sightseer.

 The Dungeons of Doom: levels 1 to 3
    Level 1:
       Some fountains.
    Level 2:
       A general store, a fountain.
    Level 3:
       A fountain.
       Stairs down to The Gnomish Mines.
 The Gnomish Mines: levels 4 to 5
    Level 4: <- You were here.
       Final resting place for
          you, killed by a dwarf.
    Level 5:


Vanquished creatures:
  a gnome leader
  a dwarf
 an iguana
  a hobbit
  3 gnomes
  a gecko
  3 jackals
  2 foxes
  a goblin
  8 grid bugs
  a bat
  3 lichens
  a kobold zombie
  a newt
28 creatures vanquished.

No species were genocided or became extinct.

Game over:
                       ----------
                      /          \
                     /    REST    \
                    /      IN      \
                   /     PEACE      \
                  /                  \
                  |     Jinnora      |
                  |      272 Au      |
                  |   killed by a    |
                  |      dwarf       |
                  |                  |
                  |                  |
                  |       2026       |
                 *|     *  *  *      | *
        _________)/\\_//(\/(/\)/\//\/|_)_______

Aloha Jinnora the Tourist...

You died in The Gnomish Mines on dungeon level 4 with 528 points,
and 272 pieces of gold, after 1203 moves.
You were level 3 with a maximum of 26 hit points when you died.

